 Dungeon Crawl Stone Soup version 0.18.1-50-g88ac8fd (webtiles) character file.

533958 snus the Skullcrusher (level 26, -3/302 HPs)
             Began as an Ogre Berserker on Oct 15, 2016.
             Was the Champion of Trog.
             Slain by a titan (23 damage)
             ... on level 4 of the Vaults on Oct 20, 2016.
             The game lasted 07:49:10 (110686 turns).

snus the Skullcrusher (Ogre Berserker)            Turns: 110686, Time: 07:49:11

Health: -3/302     AC: 26    Str: 42    XL:     26   Next: 31%
Magic:  0/26       EV: 13    Int: 11    God:    Trog [******]
Gold:   3077       SH: 24    Dex: 16    Spells: 0 memorised, 25 levels left

rFire  + + +     SeeInvis .     i - +2 eveningstar (drain)
rCold  + + .     Gourm    .     S - +4 fire dragon armour
rNeg   . . .     Faith    .     y - +0 large shield of the Trout {rPois}
rPois  +         Spirit   +     (helmet restricted)
rElec  +         Dismiss  .     A - +0 cloak
rCorr  .         Reflect  .     (gloves unavailable)
SustAt .         Harm     .     (boots unavailable)
MR     +++++                    Y - amulet "Nekkep" {Spirit *Drain rC+++ MR++}
Stlth  ..........               T - ring of Xom's Whimsicality {rPois Str+2}
                                F - ring of Ybie {rElec rF+ Int+5 Dex+3}

@: mighty, exhausted, very slightly contaminated, regenerating, hasted and
slowed, almost entirely resistant to hostile enchantments, extremely unstealthy
A: unfitting armour, iridescent scales 1, molten scales 1, agile 1, tough skin
1, subdued magic 1
a: Berserk, Trog's Hand, Brothers in Arms, Burn Spellbooks, Renounce Religion
}: 2/15 runes: decaying, serpentine


You were on level 4 of the Vaults.
You worshipped Trog.
Trog was exalted by your worship.
You were very hungry.

You visited 8 branches of the dungeon, and saw 43 of its levels.
You visited 3 bazaars.
You also visited: Labyrinth, Bailey, Ice Cave and Volcano.

You collected 5529 gold pieces.
You spent 2452 gold pieces at shops.

Inventory:

Hand Weapons
 i - a +2 eveningstar of draining (weapon)
 u - the +5 blowgun of Jelick {speed, rF- rN+ Str+2 SInv}
   (You found it on level 3 of the Elven Halls)

   Attacks with this weapon are significantly faster.
   It affects your strength (+2).
   It makes you vulnerable to fire.
   It protects you from negative energy.
   It lets you see invisible.
 B - the +9 giant spiked club "Kiuxt" {holy, rF+}
   (Trog gifted it to you on level 13 of the Dungeon)

   It has been blessed by the Shining One to cause great damage to the undead
   and demons.
   It protects you from fire.
Missiles
 l - 71 large rocks (quivered)
 z - 8 steel javelins
 G - 15 needles of confusion
 L - 14 javelins of penetration
 Q - 14 curare-tipped needles
Armour
 y - the +0 large shield of the Trout (worn) {rPois}
   (You acquired it on level 4 of the Dungeon)

   It protects you from poison.
 A - a +0 cloak (worn)
 S - a +4 fire dragon armour (worn)
Jewellery
 F - the ring of Ybie (left hand) {rElec rF+ Int+5 Dex+3}
   (You took it off a deep elf sorcerer on level 3 of the Elven Halls)

   [ring of dexterity]

   It affects your intelligence (+5).
   It affects your dexterity (+3).
   It protects you from fire.
   It insulates you from electricity.
 N - an uncursed ring of sustain attributes
 T - the ring of Xom's Whimsicality (right hand) {rPois Str+2}
   (You took it off a deep elf master archer on level 3 of the Elven Halls)

   [ring of poison resistance]

   It affects your strength (+2).
   It protects you from poison.
 X - the brooch of Shielding {Reflect SH+8}
   (You bought it in a shop in a bazaar)

   [amulet of reflection]

   It shields you and reflects attacks.
   It affects your SH (+8).
 Y - the amulet "Nekkep" (around neck) {Spirit *Drain rC+++ MR++}
   (You bought it in a shop in a bazaar)

   [amulet of guardian spirit]

   It causes incoming damage to be split between your health and magic.
   It renders you almost immune to cold.
   It affects your resistance to hostile enchantments.
   It causes draining when unequipped.
 Z - an uncursed ring of see invisible
Wands
 g - a wand of hasting (3/9)
 v - a wand of confusion (29/48)
 w - a wand of enslavement (14/24)
 I - a wand of disintegration (6/24)
 O - a wand of teleportation (5/9)
 V - a wand of digging (7/24)
Scrolls
 d - 7 scrolls of magic mapping
 f - 10 scrolls of teleportation
 j - 31 scrolls of remove curse
 n - 7 scrolls of recharging
 p - a scroll of fog
 r - a scroll of blinking
 H - a scroll of silence
 U - 3 scrolls of identify
Potions
 a - 5 potions of agility
 b - a potion of heal wounds
 e - 6 potions of flight
 m - a potion of invisibility
 q - a potion of cancellation
 t - 2 potions of resistance
 x - 4 potions of might
 D - 2 potions of haste
 M - 6 potions of curing
 R - 3 potions of ambrosia
Comestibles
 c - 7 bread rations
 h - 11 meat rations
 o - 2 fruits


   Skills:
 + Level 24.7 Fighting
 O Level 27 Maces & Flails
 - Level 15.4 Throwing
 * Level 18.0 Armour
 - Level 7.4 Dodging
 - Level 14.0 Shields
 - Level 4.3 Evocations


You had 25 spell levels left.
You didn't know any spells.

Dungeon Overview and Level Annotations

Branches:
Dungeon (15/15)            Temple (0/1) D:7            Lair (8/8) D:9
  Swamp (4/4) Lair:5        Snake (4/4) Lair:4        Slime (0/6) Lair:6
    Orc (2/2) D:12            Elf (3/3) Orc:2        Vaults (5/5) D:13
  Crypt (0/3) Vaults:3     Depths (2/5) D:15

Altars:
Ashenzari
Cheibriados
Elyvilon
Fedhas
Gozag
Kikubaaqudgha
Makhleb
Nemelex Xobeh
Okawaru
Pakellas
Ru
Sif Muna
Vehumet
Yredelemnul
Zin
The Shining One
Beogh

Shops:
D:4 ??[}   D:8 *   D:10 =   Orc:1 ?   Orc:2 }(?!   Elf:2 [   Vaults:1 %==*
Vaults:3 =   Depths:1 :

Portals:
Hell: Depths:1 Depths:2
Pandemonium: Depths:2
Ziggurat: Depths:2

Annotations:
Lair:5 exclusion: oklob plant
Elf:2 3 runed doors


Innate Abilities, Weirdness & Mutations

You are too large for most types of armour.
You have tough skin (AC +1).
You are partially covered in iridescent scales (AC +4).
You are partially covered in molten scales (AC +1).
You are agile. (Dex +2)
Your spells are a little easier to cast, but a little less powerful.


Message History

* * * LOW HITPOINT WARNING * * *
The tentacled monstrosity constricts you.
You pound the tentacled monstrosity like an anvil!!!
You kill the tentacled monstrosity!
Trog accepts your kill. Something appears at your feet! Trog grants you a gift!
The titan closely misses you.
Your hill giant hits the ogre with a giant club!!!
The ogre dies!
Trog accepts your kill.
The yaktaur captain shoots a bolt.
You block the bolt.
Throwing (i - inventory. (,) - cycle):
l - 71 large rocks (quivered)
Press: ? - help, Shift-Dir - straight line, f - titan
Aim: a titan (moderately wounded, lightly drained)
Okay, then.
You hit the titan.
The titan is heavily wounded.
The titan hits you!!
You die...

........#......#.................
........#..<...#.[..#############
........'......#....#....)).....#
........#......#...)#..#.#.#.#..#
........########....[[.#######<.#
....................#..#[#.#.#..#
....................#...........#
......############..#############
......#.......c[@#...............
......#.......)C[#...............
......'...[[)..C.#...............
#.....#...)>[....'.........######
'.....#...[[.....#.........#.....
#.....#..).......#.........#.....
#.....#).........#.........#.....
#.....#..........#.........#.....
#.....#..........#.........#.....


You could see a titan, a yaktaur captain and a friendly hill giant (berserk).

Vanquished Creatures
  Mara (Vaults:4)
  Frederick (Vaults:3)
  Saint Roka (Orc:2)
  Norris (Snake:3)
  Nikola (Elf:1)
  A Tzitzimitl (Depths:2)
  6 liches
  A tentacled monstrosity (Vaults:4)
  2 deep elf blademasters (Elf:3)
  2 deep elf master archers (Elf:3)
  A quicksilver dragon (Vaults:5)
  A titan (Vaults:5)
  Frances (D:12)
  A sphinx (Vaults:4)
  2 thorn hunters
  3 tengu reavers
  Kirke (Swamp:1)
  A storm dragon (Depths:2)
  The ghost of Dexcius the Severer, a journeyman MiBe of Trog (Swamp:2)
  5 fire giants
  6 deep elf sorcerers
  Roxanne (Swamp:3)
  9 greater nagas
  Donald (Snake:1)
  Wiglaf (Vaults:2)
  Maud (Lair:4)
  11 vault wardens
  2 frost giants
  2 deep elf elementalists (Elf:3)
  A spriggan defender (Depths:2)
  A caustic shrike skeleton (Depths:2)
  6 reapers (Depths:2)
  10 ironheart preservers
  6 stone giants
  A juggernaut skeleton (Depths:2)
  8 very ugly things
  5 deep elf demonologists
  3 salamander stormcallers
  6 spark wasps
  The ghost of e25 the Cleaver, a journeyman DsGl of Makhleb (Volcano)
  7 deep elf annihilators
  A crystal guardian (Vaults:3)
  16 deep elf death magi
  Snorg (D:12)
  29 vault guards
  8 yaktaur captains
  A merfolk javelineer (Depths:1)
  6 ettins
  3 jiangshi
  8 fire dragons
  4 deep elf high priests
  5 great orbs of eyes
  16 ogre magi
  Josephine (Lair:4)
  A minotaur (Lab)
  2 entropy weavers (Depths:1)
  A rakshasa (Depths:2)
  19 anacondas
  20 hydras
  17 naga warriors
  Erolcha (Orc:2)
  2 ghost crabs
  2 ice dragons
  4 death knights
  6 centaur warriors
  2 spriggan air magi (Depths:2)
  An anaconda (shapeshifter) (Depths:1)
  20 dancing weapons
  A queen ant (Lair:8)
  3 deep troll shamans
  An alligator (shapeshifter) (Vaults:4)
  The ghost of SaintRoka the Cleaver, a novice CeFi of Okawaru (D:10)
  2 orc high priests (Vaults:3)
  4 deep troll earth magi
  13 alligators
  A vampire mage (Depths:1)
  9 death yaks
  An iron giant zombie (Depths:2)
  6 tengu warriors
  22 deep elf knights
  A soul eater (Depths:2)
  A titan zombie (Depths:2)
  A small abomination (Elf:3)
  8 shock serpents
  A fire crab (Vaults:4)
  Nergalle (Lair:3)
  16 naga sharpshooters
  An iron troll (Depths:1)
  A fire crab (shapeshifter) (D:15)
  7 skeletal warriors
  2 spark wasp zombies (Depths:2)
  3 sea snakes
  3 salamander mystics
  A deep troll (shapeshifter) (Vaults:3)
  5 unseen horrors
  14 swamp dragons
  18 deep trolls
  6 wizards
  8 hill giants
  A storm dragon skeleton (Depths:2)
  A death drake (shapeshifter) (Elf:1)
  6 giant orange brains
  A shadow dragon zombie (Depths:2)
  2 golden dragon skeletons (Depths:2)
  3 tengu zombies (Depths:2)
  3 flayed ghosts
  4 shambling mangroves
  2 lindwurms (shapeshifter)
  15 naga ritualists
  18 deep elf archers
  A lindwurm (Volcano)
  9 necromancers
  4 harpies (Vaults:3)
  2 phantasmal warriors
  14 mana vipers
  16 ironbrand convokers
  14 orc knights
  54 ugly things
  A stone giant zombie (Depths:2)
  4 wolf spiders
  69 deep elf magi
  8 orc sorcerers
  15 salamanders
  3 fire giant zombies (Depths:2)
  3 manticores
  A tengu skeleton (Depths:1)
  3 hornets
  A faun (shapeshifter) (Vaults:4)
  6 griffons
  2 stone giant skeletons
  8 cyclopes
  An iron dragon skeleton (Depths:2)
  A fire giant skeleton (Vaults:5)
  A salamander (shapeshifter) (Vaults:4)
  2 torpor snails
  27 naga magi
  A black mamba (shapeshifter) (D:15)
  14 vault sentinels
  17 elephants
  A molten gargoyle (Volcano)
  57 black mambas
  18 spiny frogs
  A frost giant skeleton (Depths:1)
  5 guardian serpents
  An ice statue (Depths:2)
  9 gargoyles
  3 spriggan zombies (Depths:2)
  41 yaktaurs
  A yaktaur zombie (Vaults:3)
  9 komodo dragons
  2 rime drakes (Lair:6)
  A human skeleton (Vaults:3)
  6 kobold demonologists
  5 spriggan druids
  An efreet (D:14)
  4 freezing wraiths
  2 ice devils (IceCv)
  A golden dragon simulacrum (Depths:2)
  4 tengu conjurers
  A yaktaur skeleton (Vaults:2)
  8 polar bears
  7 giant leeches
  A jumping spider (Vaults:3)
  28 two-headed ogres
  A tengu simulacrum (Depths:1)
  7 trolls
  Prince Ribbit (D:5)
  10 bog bodies
  A boulder beetle (Vaults:4)
  A raiju (shapeshifter) (D:15)
  A sphinx simulacrum (Depths:2)
  27 blink frogs
  An ettin zombie (Depths:2)
  47 slime creatures
  A stone giant simulacrum (Depths:2)
  10 redbacks
  A spriggan (shapeshifter) (D:15)
  A fire giant simulacrum (Depths:2)
  6 shadows
  A tarantella (Depths:1)
  3 vampires
  4 air elementals
  6 water elementals
  A salamander simulacrum (Vaults:3)
  A fire bat (shapeshifter) (D:15)
  An ettin skeleton (Vaults:2)
  20 spriggans
  9 wraiths
  4 wyverns
  52 yaks
  A human (D:7)
  9 fire elementals
  A hog (shapeshifter) (Elf:1)
  3 basilisks
  5 hogs
  33 vampire mosquitoes
  18 hippogriffs
  A steam dragon (D:8)
  A human simulacrum (Vaults:2)
  A mottled dragon (D:12)
  2 yaktaur simulacra
  7 wargs
  55 nagas
  14 soldier ants
  A soldier ant (shapeshifter) (D:15)
  6 insubstantial wisps (Swamp:2)
  21 swamp worms
  A giant eyeball (Depths:2)
  15 water moccasins
  8 porcupines
  Duvessa (D:5)
  A deep troll skeleton (Vaults:5)
  A swamp drake (shapeshifter) (Vaults:4)
  8 swamp drakes
  5 ice beasts
  17 wasps
  7 sky beasts
  42 orc warriors
  A human zombie (Vaults:3)
  A phantom (D:10)
  13 boggarts
  6 black bears
  6 necrophages
  A tengu (shapeshifter) (Vaults:3)
  27 centaurs
  75 ogres
  28 wolves
  17 crocodiles
  5 big kobolds
  Blork the orc (D:5)
  A wyvern zombie (D:11)
  24 giant frogs
  4 earth elementals
  Dowan (D:5)
  A deep troll simulacrum (Vaults:2)
  A wyvern skeleton (D:9)
  5 scorpions
  3 killer bees (D:14)
  A troll skeleton (Lab)
  A wight (D:9)
  5 electric eels
  15 howler monkeys
  6 crimson imps
  3 giant frog zombies
  2 quasits (D:8)
  5 centaur zombies
  10 hounds
  18 jellies
  2 centaur skeletons
  18 orc priests
  58 orc wizards
  Crazy Yiuf (D:5)
  3 giant frog skeletons
  16 iguanas
  An iguana (shapeshifter) (Vaults:2)
  Terence (D:2)
  48 worker ants
  21 sheep
  A killer bee zombie (D:10)
  2 hound zombies
  Robin (D:3)
  A worker ant zombie (D:5)
  A howler monkey skeleton (D:4)
  16 gnolls
  98 river rats
  18 adders
  8 shadow imps
  2 white imps (IceCv)
  3 ufetubi
  16 oozes
  2 adder zombies (D:6)
  An adder skeleton (D:9)
  A worm (D:3)
  2 dart slugs
  4 giant geckos
  111 orcs
  5 ball pythons
  4 bats
  7 giant cockroaches
  16 goblins
  21 hobgoblins
  29 jackals
  3 quokkas
  2 giant gecko skeletons
  3 giant gecko zombies
  9 giant newts
  52 kobolds
  12 rats
  A briar patch (Swamp:2)
  2 crawling corpses (Elf:3)
  2 fungi (D:5)
2472 creatures vanquished.

Vanquished Creatures (collateral kills)
  A golden dragon (Vaults:4)
  An ogre mage (Vaults:1)
  A deep elf archer (Vaults:1)
  3 yaktaurs (Vaults:1)
  A slime creature (Vaults:1)
  3 ogres
  An orc (Vaults:1)
11 creatures vanquished.

Vanquished Creatures (others)
  A deep elf demonologist (Vaults:2)
  An ogre mage (Vaults:2)
  A deep elf knight (Vaults:3)
  3 yaktaurs
  A water elemental (Elf:1)
  A human (Swamp:1)
  A naga (Snake:2)
  A swamp drake (Swamp:3)
  2 boggarts (Vaults:1)
  4 white imps (IceCv)
  7 ufetubi (IceCv)
  An orc (D:12)
  A briar patch (Swamp:2)
  35 fungi
  53 plants
  9 toadstools (Swamp:1)
122 creatures vanquished.

Grand Total: 2605 creatures vanquished

Notes
Turn   | Place    | Note
--------------------------------------------------------------
     0 | D:1      | snus the Ogre Berserker began the quest for the Orb.
     0 | D:1      | Reached XP level 1. HP: 24/24 MP: 1/1
   315 | D:1      | Reached XP level 2. HP: 32/32 MP: 2/2
  1069 | D:1      | Reached XP level 3. HP: 40/40 MP: 3/3
  1266 | D:2      | Found a shattered altar of Ashenzari.
  1315 | D:2      | Reached skill level 1 in Armour
  1396 | D:2      | Reached ** piety under Trog
  1410 | D:2      | Reached skill level 5 in Maces & Flails
  1667 | D:2      | Reached XP level 4. HP: 45/49 MP: 4/4
  2097 | D:3      | Noticed Terence
  2132 | D:2      | Gained mutation: Your spells are a little easier to cast, but a little less powerful. [potion of mutation]
  2132 | D:2      | Gained mutation: You are partially covered in iridescent scales (AC +4). [potion of mutation]
  2132 | D:2      | Gained mutation: You are partially covered in molten scales (AC +1). [potion of mutation]
  2279 | D:2      | Killed Terence
  2501 | D:3      | Found a blossoming altar of Fedhas.
  2584 | D:3      | Noticed Robin
  2619 | D:4      | Reached skill level 5 in Fighting
  2619 | D:4      | Reached XP level 5. HP: 19/57 MP: 5/5
  2888 | D:4      | Found Ucrasi's Magic Scroll Shoppe.
  2893 | D:4      | Bought a scroll of remove curse for 42 gold pieces
  2893 | D:4      | Bought a scroll of fog for 28 gold pieces
  2893 | D:4      | Bought a scroll of identify for 28 gold pieces
  2905 | D:4      | Found Ceceimof's Armour Boutique.
  2955 | D:4      | Found Tillef's Gadget Shoppe.
  2970 | D:4      | Reached skill level 6 in Maces & Flails
  3452 | D:4      | Reached *** piety under Trog
  3833 | D:4      | Found Meitho's Magic Scroll Shop.
  3929 | D:4      | Reached XP level 6. HP: 63/66 MP: 6/6
  4237 | D:3      | Received a gift from Trog
  4263 | D:3      | Killed Robin
  4848 | D:5      | Entered Level 5 of the Dungeon
  5097 | D:5      | Reached skill level 7 in Maces & Flails
  5097 | D:5      | Reached skill level 1 in Throwing
  5111 | D:5      | Found a glowing golden altar of the Shining One.
  5117 | D:5      | Found a deep blue altar of Sif Muna.
  5118 | D:5      | Found a sparkling altar of Nemelex Xobeh.
  5128 | D:5      | Found a glowing silver altar of Zin.
  5135 | D:5      | Found a burning altar of Makhleb.
  5135 | D:5      | Found a basalt altar of Yredelemnul.
  5135 | D:5      | Found an ancient bone altar of Kikubaaqudgha.
  5135 | D:5      | Found an opulent altar of Gozag.
  5136 | D:5      | Found a snail-covered altar of Cheibriados.
  5149 | D:5      | Noticed Prince Ribbit
  5154 | D:5      | Killed Prince Ribbit
  5154 | D:5      | Reached XP level 7. HP: 75/75 MP: 7/7
  5331 | D:5      | Reached skill level 8 in Maces & Flails
  5338 | D:5      | Reached **** piety under Trog
  5475 | D:5      | Found an iron altar of Okawaru.
  5502 | D:5      | Found an oddly glowing altar of Pakellas.
  5527 | D:5      | Noticed Duvessa
  5528 | D:5      | Noticed Dowan
  5536 | D:5      | Killed Duvessa
  5541 | D:5      | Killed Dowan
  5541 | D:5      | Reached XP level 8. HP: 84/84 MP: 8/8
  5602 | D:5      | Noticed Blork the orc
  5612 | D:5      | Killed Blork the orc
  5920 | D:5      | Noticed Crazy Yiuf
  5925 | D:5      | Killed Crazy Yiuf
  6288 | D:6      | Reached skill level 9 in Maces & Flails
  6434 | D:6      | Received a gift from Trog
  7349 | D:6      | Reached skill level 10 in Maces & Flails
  7617 | D:7      | Reached XP level 9. HP: 87/94 MP: 9/9
  7647 | D:7      | Found a basalt altar of Yredelemnul.
  8106 | D:7      | Reached skill level 11 in Maces & Flails
  8842 | D:7      | Found a staircase to the Ecumenical Temple.
  9287 | D:7      | Reached skill level 5 in Throwing
  9287 | D:7      | Reached skill level 5 in Armour
  9804 | D:7      | Reached ***** piety under Trog
  9899 | D:7      | Gained mutation: You are agile. (Dex +2) [mutagenic meat]
 10152 | D:8      | Reached XP level 10. HP: 98/107 MP: 10/10
 10189 | D:8      | Reached skill level 12 in Maces & Flails
 10781 | D:8      | Found Qeqick's General Store.
 10789 | D:8      | Bought a scroll of teleportation for 30 gold pieces
 11040 | D:8      | Received a gift from Trog
 12081 | D:8      | Reached skill level 10 in Fighting
 12945 | D:8      | Reached skill level 13 in Maces & Flails
 13555 | D:9      | Found a staircase to the Lair.
 13560 | D:9      | Found a sacrificial altar of Ru.
 13597 | D:9      | Received a gift from Trog
 14178 | Lair:1   | Entered Level 1 of the Lair of Beasts
 14730 | Lair:1   | Got a dazzling ring mail
 14769 | Lair:1   | Noticed a spiny frog
 14780 | Lair:1   | Killed a spiny frog
 14780 | Lair:1   | Reached XP level 11. HP: 70/119 MP: 11/11
 15894 | Lair:1   | Reached skill level 14 in Maces & Flails
 15909 | Lair:1   | Received a gift from Trog
 15910 | Lair:1   | Got a faintly glowing great mace {god gift}
 16147 | Lair:1   | Identified the +3 great mace "Dojaxt" {crush, Int+6} (Trog gifted it to you on level 1 of the Lair of Beasts)
 16308 | Lair:1   | HP: 4/120 [black mamba (9)]
 17296 | D:10     | Entered Level 10 of the Dungeon
 17462 | D:10     | Noticed SaintRoka's ghost (novice CeFi)
 17468 | D:10     | Killed SaintRoka's ghost
 17586 | D:10     | Found Xuin's Jewellery Emporium.
 17729 | D:10     | Noticed a hill giant
 17736 | D:10     | Killed a hill giant
 17834 | D:10     | Noticed a hill giant
 17854 | D:10     | Killed a hill giant
 17928 | D:10     | Reached skill level 15 in Maces & Flails
 18706 | D:11     | Noticed a hill giant
 18711 | D:11     | Killed a hill giant
 18711 | D:11     | Received a gift from Trog
 18711 | D:11     | Reached XP level 12. HP: 132/132 MP: 12/12
 18967 | D:11     | Found a white marble altar of Elyvilon.
 19609 | D:12     | Reached skill level 16 in Maces & Flails
 19644 | D:12     | Found a frozen archway.
 19653 | IceCv    | Entered an ice cave
 22795 | Lair:2   | Received a gift from Trog
 23127 | Lair:3   | Noticed Nergalle
 23134 | Lair:3   | Killed Nergalle
 23134 | Lair:3   | Reached skill level 17 in Maces & Flails
 23134 | Lair:3   | Reached XP level 13. HP: 144/144 MP: 13/13
 23813 | Lair:3   | Received a gift from Trog
 24805 | Lair:4   | Noticed Maud
 24902 | Lair:4   | Killed Maud
 25624 | Lair:4   | Noticed Josephine
 25646 | Lair:4   | Killed Josephine
 25893 | Lair:4   | Reached skill level 18 in Maces & Flails
 26051 | Lair:4   | Found a staircase to the Snake Pit.
 26276 | Lair:4   | Reached ****** piety under Trog
 26290 | Lair:4   | Reached skill level 10 in Throwing
 27084 | Lair:5   | Found a staircase to the Swamp.
 27310 | Lair:5   | Received a gift from Trog
 27896 | Lair:5   | Reached XP level 14. HP: 154/156 MP: 14/14
 28477 | Lair:6   | Found a staircase to the Slime Pits.
 29491 | Lair:6   | Received a gift from Trog
 29682 | Lair:6   | Got a pitted blowgun
 29683 | Lair:6   | Identified the +7 blowgun of Gallantry {evade, rElec} (You found it on level 6 of the Lair of Beasts)
 29694 | Lair:6   | Reached skill level 19 in Maces & Flails
 30356 | Lair:7   | Found a labyrinth entrance.
 30368 | Lab      | Entered a labyrinth
 31565 | Lab      | Got an ancient ruby amulet
 31565 | Lab      | Identified Jomeuh's Catalogue of Weightlessness
 31570 | Lair:7   | Identified the amulet of Xaseogar {Dismiss rN+} (You found it in a labyrinth)
 32260 | Lair:7   | Reached skill level 15 in Fighting
 33130 | Lair:2   | Received a gift from Trog
 33256 | Lair:8   | Entered Level 8 of the Lair of Beasts
 33455 | Lair:8   | Found a dark tunnel.
 33466 | Volcano  | Entered a volcano
 33466 | Volcano  | Noticed e25's ghost (journeyman DsGl)
 33481 | Volcano  | Killed e25's ghost
 33774 | Volcano  | Reached skill level 10 in Armour
 33923 | Volcano  | Got a crystal scimitar
 34219 | Lair:8   | Reached XP level 15. HP: 132/167 MP: 15/15
 34850 | Lair:8   | Reached skill level 20 in Maces & Flails
 34856 | Lair:8   | Received a gift from Trog
 35078 | Lair:8   | Received a gift from Trog
 35081 | Lair:8   | Got a brightly glowing giant spiked club {god gift}
 35082 | Lair:8   | Identified the +6 giant spiked club of Woupti {freeze, +Inv rF+ rN+ Stlth+} (Trog gifted it to you on level 8 of the Lair of Beasts)
 36000 | Lair:8   | Received a gift from Trog
 36673 | Lair:2   | Identified the +4 scimitar "Lypychiu" {freeze, rPois rC+} (You found it in a volcano)
 36889 | D:12     | Received a gift from Trog
 37263 | D:12     | Noticed Frances
 37267 | D:12     | Killed Frances
 37338 | D:12     | Found a staircase to the Orcish Mines.
 37389 | D:12     | Noticed Snorg
 37402 | D:12     | Killed Snorg
 37588 | D:12     | Received a gift from Trog
 38124 | D:13     | Received a gift from Trog
 38130 | D:13     | Got a steaming giant spiked club {god gift}
 38131 | D:13     | Identified the +9 giant spiked club "Kiuxt" {holy, rF+} (Trog gifted it to you on level 13 of the Dungeon)
 38624 | D:13     | Found a gate to the Vaults.
 40446 | D:14     | Reached skill level 21 in Maces & Flails
 40457 | D:14     | Received a gift from Trog
 40613 | D:14     | Received a gift from Trog
 40814 | D:14     | Reached XP level 16. HP: 114/180 MP: 16/16
 41107 | D:15     | Entered Level 15 of the Dungeon
 41446 | Orc:1    | Entered Level 1 of the Orcish Mines
 41446 | Orc:1    | Found a flagged portal.
 41489 | Bailey   | Entered a bailey
 41871 | Orc:1    | Found Afoteetu's Magic Scroll Emporium.
 41883 | Orc:1    | Bought a scroll of random uselessness for 14 gold pieces
 42029 | Orc:1    | Received a gift from Trog
 42158 | Orc:1    | You fall through a shaft!
 42158 | Orc:2    | Entered Level 2 of the Orcish Mines
 42158 | Orc:2    | Found a staircase to the Elven Halls.
 42158 | Orc:2    | Found a roughly hewn altar of Beogh.
 42377 | Orc:2    | Noticed Saint Roka
 42540 | Orc:2    | Killed Saint Roka
 42541 | Orc:2    | Received a gift from Trog
 43113 | Orc:2    | Found Maudosmu's Antique Weapon Boutique.
 43116 | Orc:2    | Reached skill level 5 in Dodging
 43321 | Orc:2    | Found an ancient bone altar of Kikubaaqudgha.
 43479 | Orc:2    | Found Riohojil's Distillery.
 43482 | Orc:2    | Received a gift from Trog
 43575 | Orc:2    | Noticed Erolcha
 43579 | Orc:2    | Killed Erolcha
 43602 | Orc:2    | Found a radiant altar of Vehumet.
 43651 | Orc:2    | Bought a potion of lignification for 42 gold pieces
 43651 | Orc:2    | Bought a potion of flight for 42 gold pieces
 43651 | Orc:2    | Bought a potion of magic for 112 gold pieces
 43653 | Orc:2    | Bought a potion of heal wounds for 70 gold pieces
 43653 | Orc:2    | Bought a potion of heal wounds for 70 gold pieces
 43676 | Orc:2    | Found a roughly hewn altar of Beogh.
 43691 | Orc:2    | Found Pol Geqo's Gadget Shop.
 43720 | Orc:2    | Found Rihad's Magic Scroll Shop.
 43740 | Orc:2    | Bought a scroll of identify for 36 gold pieces
 44092 | Lair:2   | Reached XP level 17. HP: 191/191 MP: 17/17
 44414 | D:15     | Found an opulent altar of Gozag.
 44663 | D:15     | Found a staircase to the Depths.
 45296 | D:15     | Received a gift from Trog
 45707 | Swamp:1  | Entered Level 1 of the Swamp
 46524 | Swamp:1  | Reached skill level 22 in Maces & Flails
 46719 | Swamp:1  | Noticed Kirke
 46730 | Swamp:1  | Killed Kirke
 47019 | Swamp:2  | Got a crude broad axe
 47377 | Swamp:2  | Noticed Dexcius's ghost (journeyman MiBe)
 47392 | Swamp:2  | Killed Dexcius's ghost
 47582 | Swamp:2  | Reached XP level 18. HP: 198/201 MP: 18/18
 48757 | Swamp:3  | Received a gift from Trog
 49131 | Swamp:3  | Noticed Roxanne
 49148 | Swamp:3  | Killed Roxanne
 49154 | Swamp:3  | Identified Roxanne's Volume of Stones (You took it off Roxanne on level 3 of the Swamp)
 49312 | Swamp:3  | Received a gift from Trog
 49823 | Swamp:3  | Received a gift from Trog
 50192 | Swamp:4  | Entered Level 4 of the Swamp
 50224 | Swamp:3  | HP: 11/306 [shadow (11)]
 50724 | Swamp:3  | Received a gift from Trog
 51400 | Swamp:3  | Received a gift from Trog
 51583 | Swamp:3  | Reached skill level 23 in Maces & Flails
 51940 | Lair:2   | Identified the +10 broad axe "Qeoviven" {drain, rElec rN+ Str+2 SInv} (You found it on level 2 of the Swamp)
 52754 | Swamp:4  | Received a gift from Trog
 53327 | Swamp:4  | Got a decaying rune of Zot
 53597 | Snake:1  | Entered Level 1 of the Snake Pit
 54443 | Snake:1  | Reached XP level 19. HP: 199/214 MP: 8/19
 54757 | Snake:1  | Noticed Donald
 54775 | Snake:1  | Killed Donald
 55081 | Snake:1  | Received a gift from Trog
 55932 | Snake:2  | Found a radiant altar of Vehumet.
 57681 | Snake:2  | Reached skill level 24 in Maces & Flails
 58256 | Snake:2  | Received a gift from Trog
 60185 | Snake:3  | Noticed Norris
 60195 | Snake:3  | Killed Norris
 61737 | Snake:3  | Received a gift from Trog
 61738 | Snake:3  | Got an ichor-stained giant club {god gift}
 61833 | Snake:3  | Identified the +6 giant club of Winter {crush, rElec} (Trog gifted it to you on level 3 of the Snake Pit)
 61975 | Snake:4  | Entered Level 4 of the Snake Pit
 62578 | Snake:4  | Reached XP level 20. HP: 168/226 MP: 20/20
 63925 | Snake:4  | Reached skill level 15 in Throwing
 64459 | Snake:4  | Received a gift from Trog
 64550 | Snake:4  | Reached skill level 25 in Maces & Flails
 66741 | Snake:4  | Received a gift from Trog
 67720 | Snake:4  | Got a serpentine rune of Zot
 68644 | Elf:1    | Entered Level 1 of the Elven Halls
 69070 | Elf:1    | Reached skill level 1 in Shields
 70545 | Elf:1    | Received a gift from Trog
 71141 | Elf:1    | Reached skill level 5 in Shields
 71709 | Elf:1    | Noticed Nikola
 72360 | Elf:1    | Killed Nikola
 73004 | Elf:1    | Reached XP level 21. HP: 234/235 MP: 21/21
 74266 | Elf:2    | Found a runed gate.
 74266 | Elf:2    | Found a runed gate.
 74266 | Elf:2    | Found a runed gate.
 74290 | Elf:2    | Found Eshaec's Armour Boutique.
 74395 | Elf:2    | Received a gift from Trog
 74395 | Elf:2    | Reached skill level 1 in Evocations
 75311 | Elf:3    | Entered Level 3 of the Elven Halls
 75367 | Elf:3    | Found a flickering gateway to a bazaar.
 75378 | Bazaar   | Entered a bazaar
 75392 | Bazaar   | Found Hoboorir's General Store.
 75416 | Bazaar   | Found Doelel's Book Shoppe.
 75416 | Bazaar   | Found Rekk's Book Emporium.
 75438 | Bazaar   | Found Fiubbu's Weapon Emporium.
 75491 | Bazaar   | Bought a scroll of torment for 67 gold pieces
 75491 | Bazaar   | Bought a meat ration for 45 gold pieces
 75491 | Bazaar   | Bought a bread ration for 45 gold pieces
 75491 | Bazaar   | Bought a potion of curing for 27 gold pieces
 75776 | Elf:3    | Received a gift from Trog
 76548 | Elf:3    | HP: 11/235 [trident of venom (11)]
 76553 | Elf:3    | HP: 5/237 [trident of venom (1)]
 77252 | Vaults:1 | Entered Level 1 of the Vaults
 77252 | Vaults:1 | Found Rut Icha's Jewellery Shop.
 77256 | Vaults:1 | Found Tasoem's General Store.
 77572 | Vaults:1 | Found Uwo Qai's Jewellery Emporium.
 77584 | Vaults:1 | Found a flickering gateway to a bazaar.
 77593 | Bazaar   | Entered a bazaar
 77606 | Bazaar   | Found Puagg's Book Shoppe.
 77606 | Bazaar   | Found Disair's Jewellery Shoppe.
 77647 | Bazaar   | Found Yntabb's Jewellery Emporium.
 77648 | Bazaar   | Found Yrphol's Book Emporium.
 77671 | Bazaar   | Bought the brooch of Shielding {Reflect SH+8} for 224 gold pieces
 77695 | Bazaar   | Bought the amulet "Nekkep" {Spirit *Drain rC+++ MR++} for 748 gold pieces
 77763 | Vaults:1 | Noticed a Tzitzimitl
 78389 | Elf:3    | Received a gift from Trog
 79349 | Elf:3    | Got a flickering amber ring
 80166 | Elf:3    | Identified the ring of Xom's Whimsicality {rPois Str+2} (You took it off a deep elf master archer on level 3 of the Elven Halls)
 81624 | Elf:3    | Got a transparent turquoise ring
 81627 | Elf:3    | Received a gift from Trog
 81648 | Elf:3    | Identified the ring of Ybie {rElec rF+ Int+5 Dex+3} (You took it off a deep elf sorcerer on level 3 of the Elven Halls)
 81711 | Elf:3    | Identified the Almanac of Shape Shifting (You found it on level 3 of the Elven Halls)
 81770 | Elf:3    | Got a scorched blowgun
 81773 | Elf:3    | Identified the +5 blowgun of Jelick {speed, rF- rN+ Str+2 SInv} (You found it on level 3 of the Elven Halls)
 81866 | Elf:3    | Got a shimmering garnet amulet
 81867 | Elf:3    | Identified the amulet "Mogg" {Inacc Fragile Str+2 Dex+8} (You found it on level 3 of the Elven Halls)
 81876 | Elf:3    | Identified Sif Muna's Guide on Self-Knowledge (You found it on level 3 of the Elven Halls)
 81930 | Elf:3    | Received a gift from Trog
 82312 | Lair:2   | Reached XP level 22. HP: 252/252 MP: 25/25
 82445 | D:12     | Received a gift from Trog
 82651 | Vaults:1 | Reached XP level 23. HP: 260/260 MP: 26/26
 82664 | Vaults:1 | Reached skill level 26 in Maces & Flails
 83302 | Vaults:1 | Bought a potion of agility for 88 gold pieces
 84384 | Vaults:1 | Received a gift from Trog
 84849 | Vaults:1 | Found Qiddow's Food Shop.
 84857 | Vaults:1 | Bought a meat ration for 50 gold pieces
 84857 | Vaults:1 | Bought a meat ration for 50 gold pieces
 84857 | Vaults:1 | Bought a meat ration for 50 gold pieces
 84857 | Vaults:1 | Bought a meat ration for 50 gold pieces
 87085 | Vaults:2 | Received a gift from Trog
 87724 | Vaults:2 | Noticed Wiglaf
 87749 | Vaults:2 | Killed Wiglaf
 88030 | Vaults:2 | Received a gift from Trog
 89005 | Vaults:3 | Reached skill level 15 in Armour
 89253 | Vaults:3 | Noticed Frederick
 89274 | Vaults:3 | Killed Frederick
 90404 | Vaults:3 | Received a gift from Trog
 91013 | Vaults:3 | Reached XP level 24. HP: 172/276 MP: 20/26
 91589 | Vaults:3 | Received a gift from Trog
 92914 | Orc:1    | Bought a scroll of enchant armour for 105 gold pieces
 93138 | D:4      | Bought a scroll of silence for 105 gold pieces
 93138 | D:4      | Identified a scroll of acquirement
 93138 | D:4      | Bought a scroll of enchant armour for 105 gold pieces
 93144 | D:4      | Got a scorched large shield
 93153 | D:4      | Identified the +0 large shield of the Trout {rPois} (You acquired it on level 4 of the Dungeon)
 93446 | Orc:2    | Received a gift from Trog
 94295 | Vaults:3 | Found a roughly hewn altar of Beogh.
 94375 | Vaults:3 | Found a staircase to the Crypt.
 94502 | Vaults:3 | Found Zadgheaxu's Jewellery Emporium.
 94623 | Vaults:3 | Reached skill level 10 in Shields
 94856 | Vaults:3 | Got a smoking mace {crush}
 95012 | Vaults:3 | Identified the +6 mace of Resourcefulness {crush, +Rage Dex+4} (You took it off an orc warrior on level 3 of the Vaults)
 95946 | Vaults:4 | Received a gift from Trog
 95982 | Vaults:4 | Noticed Mara
 96003 | Vaults:4 | Noticed snus's illusion
 96733 | Vaults:4 | Killed Mara
 96733 | Vaults:4 | Received a gift from Trog
 96962 | Vaults:4 | Got a warped great mace {holy}
 97477 | Vaults:3 | Identified the +2 great mace of the Skies Above {holy, rElec rPois MR++ Int-5} (You took it off an orc on level 4 of the Vaults)
 98333 | Depths:1 | Entered Level 1 of the Depths
 99029 | Depths:1 | Identified the Collected Works on Poisonous Ice
 99137 | Depths:1 | Found Dikazeno's Book Emporium.
100349 | Depths:1 | Got a bloodstained greatsling
100629 | Depths:1 | Found a gateway to Hell.
100845 | Depths:2 | Found a gateway to a ziggurat.
100852 | Depths:2 | Received a gift from Trog
101820 | Depths:2 | Reached XP level 25. HP: 276/287 MP: 26/26
102226 | Depths:2 | Found a one-way gate leading to the halls of Pandemonium.
102303 | Depths:2 | Reached skill level 27 in Maces & Flails
102309 | Depths:2 | Received a gift from Trog
102506 | Depths:2 | Found an ancient bone altar of Kikubaaqudgha.
104009 | Depths:2 | Paralysed by a giant eyeball for 3 turns
104419 | Depths:1 | Received a gift from Trog
105329 | Depths:2 | Found a gateway to a bazaar.
105339 | Bazaar   | Entered a bazaar
105339 | Bazaar   | Found Beifreac's Distillery.
105339 | Bazaar   | Found Keyqa's Gadget Boutique.
105351 | Bazaar   | Bought a potion of heal wounds for 50 gold pieces
105351 | Bazaar   | Bought a potion of curing for 30 gold pieces
105371 | Bazaar   | Found Ywenyton's General Store.
105379 | Bazaar   | Bought a potion of curing for 33 gold pieces
105379 | Bazaar   | Bought 2 scrolls of teleportation for 66 gold pieces
105379 | Bazaar   | Found Zehyff's Antique Armour Emporium.
105390 | Bazaar   | Found Gusin's Antique Weapon Boutique.
108153 | Vaults:4 | Received a gift from Trog
108636 | Vaults:5 | Entered Level 5 of the Vaults
109166 | Vaults:4 | Reached XP level 26. HP: 215/301 MP: 22/26
109551 | Vaults:4 | Received a gift from Trog
110036 | Vaults:5 | Received a gift from Trog
110685 | Vaults:4 | Received a gift from Trog
110686 | Vaults:4 | Slain by a titan

Skill      XL: |  1  2  3  4  5  6  7  8  9 10 11 12 13 14 15 16 17 18 19 20 21 22 23 24 25 26 |
---------------+-------------------------------------------------------------------------------+-----
Armour         | 1 2 3 4 5 6 7 8 9 10 11 12 13 14 15 17 18 | 18.0
Maces & Flails | 5 6 7 8 10 11 13 15 17 18 19 21 22 23 24 25 26 27 | 27.0
Fighting       | 5 6 7 9 10 11 13 14 15 16 17 18 19 20 21 22 23 24 | 24.7
Throwing       | 2 3 5 6 8 9 10 11 12 13 14 15 | 15.4
Dodging        | 6 7 |  7.4
Shields        | 6 9 14 | 14.0
Evocations     | 4 |  4.3

Action                   |  1- 3 |  4- 6 |  7- 9 | 10-12 | 13-15 | 16-18 | 19-21 | 22-24 | 25-27 || total
-------------------------+-------+-------+-------+-------+-------+-------+-------+-------+-------++-------
Melee: Mace              |   105 |   205 |       |       |       |       |       |       |       ||   310
       Club              |       |    53 |   486 |   444 |       |       |       |       |       ||   983
       Great mace        |       |       |       |   446 |   835 |       |       |       |       ||  1281
       Giant spiked club |       |       |       |    35 |   395 |   923 |  1154 |  1147 |     6 ||  3660
       Eveningstar       |       |       |       |       |       |       |       |    26 |   943 ||   969
Throw: Large rock        |       |       |     4 |    27 |    27 |    32 |   139 |    27 |    47 ||   303
       Javelin           |       |       |       |    10 |    30 |       |    12 |    11 |    12 ||    75
Invok: Berserk           |       |     2 |     5 |     9 |     7 |     5 |     5 |     4 |     5 ||    42
       Burn Spellbooks   |       |       |       |     4 |     1 |     2 |     2 |     2 |     1 ||    12
       Brothers in Arms  |       |       |       |       |       |       |       |     2 |     1 ||     3
       Trog's Hand       |       |       |       |       |       |       |       |       |     1 ||     1
Evoke: Wand              |       |       |       |     1 |     3 |       |       |     1 |     3 ||     8
  Use: Potion            |       |     4 |     1 |     7 |     5 |    13 |    11 |       |    14 ||    55
       Scroll            |       |       |     4 |     9 |     9 |    14 |     9 |     8 |     5 ||    58
 Stab: Sleeping          |     2 |     1 |       |       |     1 |       |       |       |       ||     4
       Distracted        |       |       |       |     1 |       |       |     1 |       |       ||     2
       Confused          |       |       |       |       |       |     2 |       |       |       ||     2
       Invisible         |       |       |       |       |       |     1 |       |       |       ||     1
  Eat: Chunk             |     2 |    11 |    14 |    28 |    24 |    10 |     6 |    14 |    15 ||   124
       Royal jelly       |       |     1 |     1 |     2 |     1 |       |       |       |       ||     5
       Pizza             |       |       |     4 |     7 |     6 |     1 |     4 |     1 |     1 ||    24
       Beef jerky        |       |       |     1 |     4 |     1 |       |     1 |     1 |     1 ||     9
       Fruit             |       |       |       |     2 |     1 |     3 |     7 |       |     1 ||    14
       Bread ration      |       |       |       |       |     6 |     7 |     9 |     5 |     1 ||    28
       Meat ration       |       |       |       |       |       |     1 |     7 |     5 |     2 ||    15
Armor: Animal skin       |    23 |       |       |       |       |       |       |       |       ||    23
       Robe              |       |   152 |   168 |   340 |   463 |       |       |       |       ||  1123
       Troll leather arm |       |       |       |       |    57 |   384 |       |       |       ||   441
       Swamp dragon armo |       |       |       |       |       |   112 |   397 |   230 |       ||   739
       Fire dragon armou |       |       |       |       |       |       |       |   219 |   394 ||   613
Dodge: Dodged            |    54 |   178 |   147 |   390 |   498 |   590 |   460 |   495 |   305 ||  3117
Block: Other             |       |       |       |       |    75 |    67 |    84 |   128 |       ||   354
       Reflection        |       |       |       |       |     4 |     7 |    14 |    20 |       ||    45
       Large shield      |       |       |       |       |       |       |       |    41 |   963 ||  1004
